 Dungeon Crawl Stone Soup version 0.18.1-6-gd335043 (webtiles) character file.

62872 mistymad the Blocker (level 15, -3/96 HPs)
             Began as a Gargoyle Fighter on May 20, 2016.
             Was a High Priest of Okawaru.
             Killed from afar by Azrael (23 damage)
             ... with damnation
             ... on level 2 of the Orcish Mines.
             The game lasted 01:37:15 (29141 turns).

mistymad the Blocker (Gargoyle Fighter)            Turns: 29141, Time: 01:37:16

Health: -3/96      AC: 39    Str: 20    XL:     15   Next: 7%
Magic:  20/22      EV: 14    Int: 10    God:    Okawaru [*****.]
Gold:   2258       SH: 16    Dex: 17    Spells: 0 memorised, 14 levels left

rFire  . . .     SeeInvis .     g - +2 flail "Boryst Faiwn" {venom, +Blink rPois rN++}
rCold  . . .     Gourm    .     l - +0 plate armour
rNeg   + + +     Faith    .     c - +0 shield
rPois  ∞         Spirit   .     o - +2 helmet
rElec  +         Dismiss  .     m - +0 cloak
rCorr  .         Reflect  .     W - +2 pair of gloves {Dex+3}
SustAt +         Harm     .     S - +0 pair of boots
MR     +....                    (no amulet)
Stlth  ..........               T - +3 ring of slaying
                                O - ring of sustain attributes

@: heroism, somewhat resistant to hostile enchantments, extremely unstealthy
A: big wings, negative energy resistance 1, electricity resistance, unbreathing,
petrification resistance, rot immunity, MP-powered wands, AC +11
a: Fly, Heroism, Finesse, Renounce Religion, Evoke Blink


You were on level 2 of the Orcish Mines.
You worshipped Okawaru.
Okawaru was extremely pleased with you.
You were not hungry.

You visited 4 branches of the dungeon, and saw 21 of its levels.
You also visited: Sewer.

You collected 2258 gold pieces.

Inventory:

Hand Weapons
 g - the +2 flail "Boryst Faiwn" (weapon) {venom, +Blink rPois rN++}
   (You found it on level 4 of the Lair of Beasts)

   It poisons the flesh of those it strikes.
   It protects you from poison.
   It greatly protects you from negative energy.
   It lets you blink.
Armour
 c - a +0 shield (worn)
 l - a +0 plate armour (worn)
 m - a +0 cloak (worn)
 o - a +2 helmet (worn)
 S - a +0 pair of boots (worn)
 W - a +2 pair of gloves of dexterity (worn)
Jewellery
 i - an uncursed ring of resist corrosion
 O - a ring of sustain attributes (left hand)
 T - a +3 ring of slaying (right hand)
Wands
 a - a wand of hasting (0/9)
 E - a wand of disintegration (3/24)
Scrolls
 b - 4 scrolls of enchant weapon
 k - 3 scrolls of fog
 n - 2 scrolls of magic mapping
 x - 2 scrolls of recharging
 y - 6 scrolls of enchant armour
 z - 9 scrolls of remove curse
 L - 4 scrolls of blinking
Potions
 d - 5 potions of might
 e - 3 potions of degeneration {unknown}
 h - a potion of haste {unknown}
 j - 5 potions of heal wounds
 q - 2 potions of berserk rage {unknown}
 t - a potion of ambrosia {unknown}
 u - 4 potions of curing {unknown}
 C - 6 potions of brilliance {unknown}
 H - a potion of agility {unknown}
 I - 2 potions of flight {unknown}
 J - 4 potions of mutation {unknown}
 K - 2 potions of invisibility
 V - a potion of magic {unknown}
Miscellaneous
 X - a lamp of fire
Comestibles
 f - 8 bread rations
 p - 6 beef jerkies
 r - 2 royal jellies
 s - 10 chunks of flesh
 w - 11 slices of pizza
 F - 13 meat rations
 G - 39 fruits


   Skills:
 + Level 12.1(17.1) Fighting
 + Level 11.6(16.6) Maces & Flails
 + Level 12.3(17.3) Armour
 + Level 7.6(12.6) Dodging
 - Level 0.5(5.5) Stealth
 + Level 14.3(19.3) Shields
 + Level 9.3 Invocations


You had 14 spell levels left.
You didn't know any spells.

Dungeon Overview and Level Annotations

Branches:
Dungeon (10/15)            Temple (1/1) D:5            Lair (8/8) D:8
  Swamp (0/4) Lair:3        Snake (0/4) Lair:5        Slime (0/6) Lair:7
    Orc (2/2) D:10
    Elf: Orc:2

Altars:
Ashenzari
Cheibriados
Dithmenos
Elyvilon
Fedhas
Gozag
Kikubaaqudgha
Makhleb
Nemelex Xobeh
Okawaru
Pakellas
Qazlal
Ru
Sif Muna
Trog
Vehumet
Xom
Yredelemnul
Zin
The Shining One

Shops:
D:4 [   D:8 *   D:10 (

Annotations:
Orc:2 Azrael


Innate Abilities, Weirdness & Mutations

You are resistant to torment.
Your stone body is resilient (AC +11).
You are immune to poison.
Your large and strong wings let you fly indefinitely.
You resist negative energy.
You are resistant to electric shocks.
You can survive without breathing.
You are immune to petrification.
You are immune to rotting.
You expend magic power (3 MP) to strengthen your wands.


Message History

Azrael is severely wounded.
You are covered in liquid flames!
* * * LOW HITPOINT WARNING * * *
You hit Azrael but do no damage.
Azrael is severely wounded.
Azrael is momentarily hidden by a cloud of flames.
Azrael hits you but does no damage.
You sock Azrael!
Azrael is severely wounded.
Azrael gestures at you.
The fireball explodes!
The fireball engulfs you!
* * * LOW HITPOINT WARNING * * *
The fireball engulfs Azrael.
Azrael completely resists.
Drink which item? (? for menu, Esc to quit)
You feel much better. You block Azrael's attack.
You gain the combat prowess of a mighty hero.
You feel slightly more hungry. Azrael gestures at you.
The damnation unfurls!
The damnation engulfs you!
You die...

##.##.........
#...........§.
##.....#....§§
#......§§§.§§§
##....E..§....
##...§§.........
#.ER§§..........
####h#§...........
#@#§#§............
##RE§§............
##...............
##..#..#.........
#................
##.....#.........
###.............
##....#.......
#...##.....##


You could see Azrael and a fire elemental.

Vanquished Creatures
  7 hydras
  10 death yaks
  A hill giant (D:10)
  Pikel (D:4)
  An oklob plant (Lair:4)
  4 griffons
  An orc sorcerer (Orc:2)
  16 elephants
  Maurice (D:8)
  A torpor snail (Lair:5)
  7 black mambas
  13 spiny frogs
  4 rime drakes
  9 komodo dragons
  2 spriggan druids (Lair:8)
  8 polar bears
  Prince Ribbit (D:7)
  15 blink frogs
  2 giant leeches (Lair:3)
  23 giant frogs
  39 yaks
  2 redbacks (Lair:8)
  7 spriggans (Lair:8)
  4 wraiths (Lair:5)
  4 hogs (Lair:7)
  3 basilisks
  A fire elemental (Orc:2)
  10 hippogriffs
  2 wyverns
  Grum (D:8)
  A soldier ant (D:10)
  3 wargs (Orc:2)
  12 water moccasins
  3 hell hounds (Orc:2)
  5 orc warriors
  17 porcupines
  2 sky beasts
  A slave (D:4)
  Purgy (Sewer)
  18 black bears
  6 ice beasts
  2 phantoms
  3 wasps (Lair:8)
  38 wolves
  6 ogres
  3 centaurs
  18 crocodiles
  3 big kobolds (D:8)
  A scorpion (D:5)
  An electric eel (D:9)
  A howler monkey (D:9)
  2 crimson imps
  3 jellies
  5 hounds
  8 orc wizards
  3 orc priests
  Crazy Yiuf (D:2)
  Jessica (D:2)
  Ijyb (D:2)
  Terence (D:3)
  11 iguanas
  Natasha (thrice) (D:2)
  7 worker ants
  10 hell rats (Lair:5)
  2 sheep (D:8)
  A centaur simulacrum (D:8)
  A hound zombie (D:6)
  A hound skeleton (D:5)
  Robin (D:2)
  15 adders
  3 gnolls
  75 river rats
  A shadow imp (D:8)
  A worker ant simulacrum (D:8)
  An ooze (D:4)
  An adder skeleton (D:8)
  4 worms
  5 dart slugs
  An adder simulacrum (D:8)
  A giant gecko (D:5)
  41 orcs
  11 giant cockroaches
  15 goblins
  15 hobgoblins
  21 jackals
  5 quokkas
  2 ball pythons
  7 bats
  A giant gecko skeleton (D:8)
  10 giant newts
  7 kobolds
  2 quokka skeletons (D:5)
  15 rats
  A bush (D:2)
  A fungus (Lair:8)
  A plant (Lair:7)
670 creatures vanquished.

Vanquished Creatures (others)
  Kirke (Lair:7)
  Josephine (Lair:5)
  2 slaves (D:4)
  2 jackals (D:4)
  37 fungi
  14 plants
57 creatures vanquished.

Grand Total: 727 creatures vanquished

Notes
Turn   | Place    | Note
--------------------------------------------------------------
     0 | D:1      | mistymad the Gargoyle Fighter began the quest for the Orb.
     0 | D:1      | Reached XP level 1. HP: 14/14 MP: 1/1
   621 | D:1      | Reached XP level 2. HP: 18/19 MP: 2/2
   903 | D:2      | Noticed Natasha
   904 | D:2      | Noticed a crimson imp
   934 | D:2      | Killed Natasha
   934 | D:2      | Reached XP level 3. HP: 17/23 MP: 3/3
  1022 | D:2      | Noticed Natasha
  1040 | D:2      | Killed Natasha
  1040 | D:2      | Reached skill level 1 in Dodging
  1040 | D:2      | Reached skill level 4 in Shields
  1040 | D:2      | Reached XP level 4. HP: 16/28 MP: 4/4
  1374 | D:2      | Noticed Robin
  1398 | D:2      | Killed Robin
  1612 | D:2      | Reached XP level 5. HP: 29/33 MP: 5/5
  1652 | D:2      | Noticed Natasha
  1662 | D:2      | Killed Natasha
  1713 | D:2      | Noticed Crazy Yiuf
  1729 | D:2      | Killed Crazy Yiuf
  1809 | D:2      | Noticed Jessica
  1810 | D:2      | Noticed Ijyb
  1815 | D:2      | Killed Jessica
  1821 | D:2      | Killed Ijyb
  1821 | D:2      | Reached skill level 5 in Shields
  1821 | D:2      | Reached XP level 6. HP: 36/38 MP: 6/6
  2121 | D:3      | Noticed Terence
  2147 | D:3      | Killed Terence
  2350 | D:3      | Found an ancient bone altar of Kikubaaqudgha.
  3307 | D:4      | Noticed a slave
  3329 | D:4      | Killed a slave
  3338 | D:4      | Noticed Pikel
  3338 | D:4      | Noticed a slave
  3338 | D:4      | Noticed a slave
  3338 | D:4      | Noticed a slave
  3365 | D:4      | Killed Pikel
  3365 | D:4      | Reached skill level 5 in Fighting
  3365 | D:4      | Reached skill level 6 in Shields
  3365 | D:4      | Reached XP level 7. HP: 20/44 MP: 7/7
  3667 | D:4      | Reached XP level 8. HP: 46/49 MP: 8/8
  3699 | D:4      | Found Nuac's Armour Emporium.
  3989 | D:4      | Reached skill level 5 in Armour
  3989 | D:4      | Reached skill level 7 in Shields
  4535 | D:4      | Found a sparkling altar of Nemelex Xobeh.
  4629 | D:5      | Entered Level 5 of the Dungeon
  4675 | D:5      | Reached skill level 5 in Maces & Flails
  4919 | D:5      | Reached skill level 8 in Shields
  4929 | D:5      | Gained mutation: You expend magic power (3 MP) to strengthen your wands. [mutagenic meat]
  4933 | D:5      | Found a staircase to the Ecumenical Temple.
  5012 | Temple   | Entered the Ecumenical Temple
  5164 | Temple   | Became a worshipper of Warmaster Okawaru
  5291 | D:5      | Reached XP level 9. HP: 55/55 MP: 9/9
  5794 | D:6      | Found an oddly glowing altar of Pakellas.
  6135 | D:6      | Found a glowing drain.
  6147 | Sewer    | Entered a sewer
  6265 | Sewer    | Noticed Purgy
  6280 | Sewer    | Killed Purgy
  6550 | D:6      | Reached skill level 9 in Shields
  6786 | D:6      | Reached * piety under Okawaru
  7004 | D:7      | Noticed Prince Ribbit
  7020 | D:7      | Killed Prince Ribbit
  7668 | D:8      | Found Tucvif's Off-Brand Ammunition.
  7727 | D:8      | Noticed Maurice
  7857 | D:8      | Found a staircase to the Lair.
  7879 | D:8      | Reached XP level 10. HP: 35/61 MP: 10/10
  7891 | D:8      | Reached skill level 10 in Shields
  8415 | D:8      | Noticed Grum
  8455 | D:8      | Killed Grum
  8455 | D:8      | Reached ** piety under Okawaru
  8479 | D:8      | Found a deep blue altar of Sif Muna.
  8647 | D:8      | Noticed a death yak
  8688 | D:8      | Killed a death yak
  8742 | D:8      | Killed Maurice
  8742 | D:8      | Reached *** piety under Okawaru
  9097 | D:8      | Reached skill level 11 in Shields
  9137 | D:8      | Noticed a three-headed hydra
  9158 | D:8      | Killed a three-headed hydra
  9158 | D:8      | Reached XP level 11. HP: 51/68 MP: 11/11
  9780 | D:9      | Received a gift from Okawaru
 10389 | D:9      | Found a stormy altar of Qazlal.
 10554 | D:9      | Reached skill level 1 in Invocations
 10709 | D:10     | Entered Level 10 of the Dungeon
 10722 | D:10     | Found Qeduch's Weapon Shoppe.
 10728 | D:10     | Found a staircase to the Orcish Mines.
 11221 | D:10     | Noticed a hill giant
 11247 | D:10     | Killed a hill giant
 11247 | D:10     | Reached **** piety under Okawaru
 12333 | Lair:1   | Entered Level 1 of the Lair of Beasts
 12821 | Lair:1   | Reached skill level 12 in Shields
 13279 | Lair:1   | Reached ***** piety under Okawaru
 13464 | Lair:1   | Received a gift from Okawaru
 14120 | Lair:1   | Reached XP level 12. HP: 13/76 MP: 14/14
 14855 | Lair:2   | Noticed a six-headed hydra
 14884 | Lair:2   | Killed a six-headed hydra
 16099 | Lair:3   | Reached skill level 5 in Invocations
 17181 | Lair:3   | Reached skill level 10 in Armour
 17181 | Lair:3   | Reached skill level 5 in Dodging
 17776 | Lair:3   | Found a staircase to the Swamp.
 18987 | Lair:4   | Got an ancient flail
 18990 | Lair:4   | Identified the cursed +2 flail "Boryst Faiwn" {venom, +Blink rPois rN++} (You found it on level 4 of the Lair of Beasts)
 19496 | Lair:4   | Reached skill level 10 in Fighting
 19512 | Lair:4   | Reached skill level 10 in Maces & Flails
 19978 | Lair:4   | Reached XP level 13. HP: 73/82 MP: 17/17
 20346 | Lair:4   | Reached skill level 13 in Shields
 20351 | Lair:4   | Received a gift from Okawaru
 20691 | Lair:5   | Found a staircase to the Snake Pit.
 21765 | Lair:5   | Noticed Josephine
 21779 | Lair:5   | Killed Josephine
 22862 | Lair:6   | Received a gift from Okawaru
 23284 | Lair:6   | Gained mutation: Your large and strong wings let you fly indefinitely. [Gargoyle growth]
 23284 | Lair:6   | Reached XP level 14. HP: 84/90 MP: 19/19
 24159 | Lair:7   | Received a gift from Okawaru
 24667 | Lair:7   | Found a staircase to the Slime Pits.
 24931 | Lair:7   | Noticed Kirke
 24951 | Lair:7   | Killed Kirke
 25876 | Lair:8   | Entered Level 8 of the Lair of Beasts
 26067 | Lair:8   | Reached skill level 14 in Shields
 26368 | Lair:8   | Received a gift from Okawaru
 27710 | Lair:8   | Received a gift from Okawaru
 28069 | Lair:8   | Reached XP level 15. HP: 84/96 MP: 21/21
 28542 | Orc:1    | Entered Level 1 of the Orcish Mines
 28676 | Orc:2    | Entered Level 2 of the Orcish Mines
 28703 | Orc:2    | Paralysed by an orc sorcerer for 5 turns
 29097 | Orc:2    | Noticed Azrael
 29139 | Orc:2    | HP: 2/96 [Azrael/fireball (17)]
 29141 | Orc:2    | Killed from afar by Azrael

Skill      XL: |  1  2  3  4  5  6  7  8  9 10 11 12 13 14 |
---------------+-------------------------------------------+-----
Dodging        | 1 2 3 4 5 6 7 |  7.6
Shields        | 4 5 6 8 9 11 12 13 14 | 14.3
Fighting       | 4 5 6 8 9 10 11 12 | 12.1
Maces & Flails | 3 4 5 7 8 9 10 11 | 11.6
Armour         | 4 5 6 7 9 10 11 12 | 12.3
Invocations    | 3 6 7 9 |  9.3
Stealth        | |  0.5

Action                   |  1- 3 |  4- 6 |  7- 9 | 10-12 | 13-15 || total
-------------------------+-------+-------+-------+-------+-------++-------
Melee: Flail             |    83 |   346 |       |   990 |  1700 ||  3119
       Whip              |       |       |   654 |   880 |       ||  1534
       Unarmed           |       |       |       |       |     1 ||     1
Invok: Heroism           |       |       |       |     9 |     4 ||    13
       Finesse           |       |       |       |       |     2 ||     2
Evoke: Wand              |       |       |       |     2 |     5 ||     7
  Use: Scroll            |       |       |     8 |    10 |     7 ||    25
       Potion            |       |       |     1 |     4 |     2 ||     7
  Eat: Chunk             |       |     9 |    15 |    40 |    33 ||    97
       Fruit             |       |       |       |     2 |     1 ||     3
Armor: Scale mail        |    34 |       |       |       |       ||    34
       Plate armour      |     5 |   190 |   363 |  1002 |   907 ||  2467
       Skin              |       |       |       |    22 |       ||    22
Dodge: Dodged            |    16 |    62 |    89 |   456 |   517 ||  1140
Block: Shield            |    47 |   189 |   347 |  1187 |  1115 ||  2885
